 Dungeon Crawl Stone Soup version 0.22.1-2-g9c5b331 (webtiles) character file.

159 mrath the Digger (level 5, 0/28 HPs)
             Began as a Gargoyle Earth Elementalist on Dec 7, 2018.
             Was an Initiate of Vehumet.
             Slain by a killer bee (6 damage)
             ... on level 3 of the Dungeon.
             The game lasted 00:33:32 (3430 turns).

mrath the Digger (Gargoyle Earth Elementalist)      Turns: 3430, Time: 00:33:34

Health: 0/28       AC:  6    Str: 12    XL:     5   Next: 40%
Magic:  9/10       EV: 12    Int: 16    God:    Vehumet [......]
Gold:   196        SH:  0    Dex: 10    Spells: 6/10 levels left

rFire    . . .     SeeInvis .   g - +0 club
rCold    . . .     Gourm    .   (no shield)
rNeg     + . .     Faith    .   c - +0 robe
rPois    ∞         Spirit   .   (no helmet)
rElec    +         Reflect  .   (no cloak)
rCorr    .         Harm     .   (no gloves)
MR       .....                  (no boots)
Stlth    ++........             (no amulet)
HPRegen  0.09/turn              (no ring)
MPRegen  0.12/turn              (no ring)

@: no status effects
A: negative energy resistance 1, electricity resistance, unbreathing,
petrification resistance, rot immunity, AC +4
a: Renounce Religion


You were on level 3 of the Dungeon.
You worshipped Vehumet.
Vehumet was noncommittal.
You were not hungry.

You visited 1 branch of the dungeon, and saw 3 of its levels.

You collected 196 gold pieces.

Inventory:

Hand Weapons
 g - a +0 club (weapon)
 h - a cursed +0 hand axe
 i - a +0 dagger
 k - a +2 hand axe of flaming
 q - a +0 whip
 v - a cursed -2 dagger
 x - a +0 hunting sling
Missiles
 b - 30 stones (quivered)
 e - 32 sling bullets
 s - 8 tomahawks
 u - 4 curare-tipped needles
 w - 14 poisoned needles
Armour
 c - a +0 robe (worn)
Scrolls
 f - 4 scrolls of teleportation
 j - 3 scrolls of identify {unknown}
 l - a scroll of enchant weapon {unknown}
 o - a scroll of remove curse {unknown}
 p - 4 scrolls of blinking {unknown}
 r - a scroll of noise {unknown}
Potions
 a - 3 potions of heal wounds {unknown}
 n - 3 potions of magic {unknown}
 t - a potion of brilliance {unknown}
Comestibles
 d - 4 rations
 m - 7 chunks of flesh


   Skills:
 - Level 1.5 Dodging
 - Level 2.1 Stealth
 * Level 3.3 Spellcasting
   Level 0.7 Transmutations
 + Level 6.1 Earth Magic


You had 6 spell levels left.
You knew the following spells:

 Your Spells              Type           Power        Failure   Level  Hunger
a - Sandblast             Erth           ###...       1%          1    None
b - Stone Arrow           Conj/Erth      ##....       16%         3    ###....

Your spell library contained the following spells:

 Spells                   Type           Power        Failure   Level  Hunger
 Passwall                 Tmut/Erth      ##......     7%          2    ##.....
 Lee's Rapid Deconstruct  Erth           ###.......   38%         5    ######.
 Petrify                  Tmut/Erth      ##......     41%         4    ####...


Dungeon Overview and Level Annotations

Branches:
Dungeon (3/15)

Altars:
Gozag
Vehumet
Xom
The Shining One


Innate Abilities, Weirdness & Mutations

You are resistant to torment.
Your stone body is resilient. (AC +4)
You are immune to poison.
You resist negative energy. (rN+)
You are resistant to electric shocks. (rElec)
You can survive without breathing.
You are immune to petrification.
You are immune to rotting.


Message History

The stone barely misses you.
The stone closely misses the killer bee.
The stone misses the killer bee.
The stone hits the killer bee but does no damage.
The killer bee stings you but does no damage.
Casting: Sandblast (safe; 1% risk of failure)
Confirm with . or Enter, or press ? or * to list all spells.
Aiming: Sandblast (safe; 1% risk of failure)
Press: ? - help, Shift-Dir - straight line, f - killer bee
Aim: a killer bee The blast of sand misses the killer bee.
b - 30 stones The killer bee stings you but does no damage.
The killer bee stings you. x2
* * * LOW HITPOINT WARNING * * *
The kobold throws a stone.
The stone closely misses you.
The stone closely misses the killer bee.
The stone barely misses the killer bee.
The killer bee barely misses you. The killer bee stings you.
You die...

#...#.................
#...#.................
#...#.................
#...#.................
#...#.................
#...#.................
##...#K................
+......................
######@y..............)
#yy...............
#y................
#(........>.......
#........(....^...
#(................ ###
#................. y.
#................. #.
#.................


You could see 4 killer bees and a kobold.

Vanquished Creatures
  2 gnolls
  6 adders
  2 oozes
  2 worms
  2 dart slugs (D:2)
  A leopard gecko (D:1)
  An orc (D:3)
  A ball python (D:1)
  5 bats
  A giant cockroach (D:1)
  8 goblins
  12 hobgoblins
  5 jackals
  7 kobolds
  5 frilled lizards
  11 rats
71 creatures vanquished.

Notes
Turn   | Place    | Note
-------+----------+-------------------------------------------
     0 | D:1      | mrath the Gargoyle Earth Elementalist began the quest for
                  | the Orb.
     0 | D:1      | Reached XP level 1. HP: 10/10 MP: 3/3
   226 | D:1      | Reached skill level 4 in Earth Magic
   254 | D:1      | Reached XP level 2. HP: 15/15 MP: 3/5
   550 | D:1      | Reached XP level 3. HP: 15/19 MP: 2/6
   631 | D:1      | Learned a level 3 spell: Stone Arrow
  1403 | D:2      | Reached skill level 5 in Earth Magic
  1548 | D:2      | Reached XP level 4. HP: 24/24 MP: 3/8
  2203 | D:2      | Found an opulent altar of Gozag.
  2203 | D:2      | Found a glowing golden altar of the Shining One.
  2203 | D:2      | Found a radiant altar of Vehumet.
  2214 | D:2      | Found a shimmering altar of Xom.
  2217 | D:2      | Became a worshipper of Vehumet
  2751 | D:2      | Reached XP level 5. HP: 12/28 MP: 6/9
  3114 | D:3      | Reached skill level 6 in Earth Magic
  3430 | D:3      | Slain by a killer bee

Skill      XL: |  1  2  3  4  5 |
---------------+----------------+-----
Earth Magic    | 4 5 6 |  6.1
Spellcasting   | 3 |  3.3
Dodging        | |  1.5
Stealth        | |  2.1
Transmutations | |  0.7

Action                   |  1- 3 |  4- 6 || total
-------------------------+-------+-------++-------
Melee: Club              |    89 |   159 ||   248
       Unarmed           |     1 |       ||     1
 Cast: Sandblast         |    27 |    30 ||    57
  Use: Scroll            |       |     1 ||     1
 Stab: Sleeping          |     2 |       ||     2
  Eat: Chunk             |     2 |     7 ||     9
Armor: Robe              |    46 |    82 ||   128
Dodge: Dodged            |    81 |   167 ||   248
